 Dungeon Sprint DCSS version 0.25.0-26-g0c896c7088 (webtiles) character file.

Game seed: 12163251778885862456

583 MordorOrchid the Frost Mage (level 7, 0/61 HPs)
             Began as a White Draconian Ice Elementalist on July 2, 2020.
             Was an Elder of Sif Muna.
             Slain by an air elemental (11 damage)
             ... in the Dungeon (Sprint V: "Ziggurat Sprint").
             The game lasted 00:06:29 (174 turns).

MordorOrchid the Frost Mage (DrIE)                   Turns: 174, Time: 00:06:29

Health: 0/61       AC:  6    Str: 22    XL:     7   Next: 14%
Magic:  15/15      EV:  8    Int: 17    God:    Sif Muna [****..]
Gold:   0          SH: 29    Dex: 12    Spells: 2/16 levels left

rFire    . . .     SeeInvis +   t - +14 obsidian axe {vorpal, +Fly SInv *Curse} (curse)
rCold    + . .     Gourm    .   y - +18 shield of the Gong {rElec rN+ MR+ EV-5}
rNeg     + . .     Faith    .   (armour unavailable)
rPois    .         Spirit   .   (helmet restricted)
rElec    +         Reflect  .   (no cloak)
rCorr    .         Harm     .   (no gloves)
MR       +....     NoTele   +   (no boots)
Stlth    ++........             I - amulet of magic regeneration (curse)
HPRegen  0.20/turn              w - +6 ring of strength
MPRegen  0.39/turn              x - +6 ring of strength

@: mighty, stab, flying (expiring), mesmerised, very slightly contaminated,
hasted, invisible, very quick
A: breathe frost, unfitting armour, cold resistance 1, cold-blooded, AC +6
a: Breathe Frost, Channel Magic, Forget Spell, Divine Exegesis, Renounce
Religion


You were in the Dungeon.
You worshipped Sif Muna.
Sif Muna was greatly pleased with you.
You were not hungry.

You visited 1 branch

Inventory:

Hand Weapons
 t - the cursed +14 obsidian axe (weapon) {vorpal, +Fly SInv *Curse}
   (You found it in the Dungeon)

   It inflicts extra damage upon your enemies.
   It lets you see invisible.
   It lets you fly.
   It curses itself when equipped.
   It has a curse placed upon it.
 z - the +8 lance "Wyrmbane" {slay drac, rPois rF+ rC+ AC+3}
   (You found it in the Dungeon)

   It affects your AC (+3).
   It protects you from fire.
   It protects you from cold.
   It protects you from poison.
 H - a +5 quick blade
 J - the +5 rapier of Red Watchfulness {vorpal, MR+++ Int+2}
   (You took it off an orc wizard in the Dungeon)

   It inflicts extra damage upon your enemies.
   It affects your intelligence (+2).
   It affects your resistance to hostile enchantments.
Missiles
 G - 1000 arrows
Armour
 y - the +18 shield of the Gong (worn) {rElec rN+ MR+ EV-5}
   (You found it in the Dungeon)

   It affects your evasion (-5).
   It insulates you from electricity.
   It protects you from negative energy.
   It affects your resistance to hostile enchantments.
Magical Staves
 q - an uncursed staff of energy
 M - an uncursed staff of cold
Jewellery
 r - an uncursed ring of flight
 u - a +6 ring of intelligence
 v - a +6 ring of intelligence
 w - a +6 ring of strength (left hand)
 x - a +6 ring of strength (right hand)
 I - a cursed amulet of magic regeneration (around neck)
 N - an uncursed ring of stealth
Wands
 n - a wand of disintegration (7)
 o - a wand of iceblast (6)
 p - a wand of acid (7)
Scrolls
 h - 4 scrolls of blinking
 A - 4 scrolls of amnesia
 B - 7 scrolls of fog
 C - a scroll of holy word
 D - 5 scrolls of identify
 E - 5 scrolls of remove curse
 F - 2 scrolls of fear
Potions
 a - 2 potions of brilliance
 c - 10 potions of curing
 d - 9 potions of heal wounds
 e - 4 potions of haste
 f - 7 potions of magic
 g - 3 potions of berserk rage
 j - 4 potions of resistance
 l - 3 potions of stabbing
 m - 3 potions of might
Miscellaneous
 k - a box of beasts
 s - a lightning rod (4/4)
 K - a phantom mirror
Comestibles
 b - 7 rations
 L - 4 chunks of flesh


   Skills:
 - Level 5.5 Fighting
 * Level 6.1 Dodging
 - Level 1.7 Stealth
 * Level 8.2 Shields
 * Level 5.4 Spellcasting
 * Level 9.5 Ice Magic
 * Level 5.7 Evocations


You had 2 spell levels left.
You knew the following spells:

 Your Spells              Type           Power        Failure   Level  Hunger
a - Freeze                Ice            ####         1%          1    None
b - Frozen Ramparts       Ice            #####.       1%          3    ##.....
g - Mephitic Cloud        Conj/Pois/Air  #.......     67%         3    ##.....
r - Hailstorm             Conj/Ice       ###.....     41%         4    ####...
y - Ozocubu's Armour      Chrm/Ice       ###.....     14%         3    ##.....

Your spell library contained the following spells:

 Spells                   Type           Power        Failure   Level  Hunger
 Magic Dart               Conj           #...         32%         1    None
 Blink                    Tloc           N/A          43%         2    #......
 Call Imp                 Summ           #.......     43%         2    #......
 Slow                     Hex            #.......     43%         2    #......
 Summon Ice Beast         Ice/Summ       ###.....     41%         4    ####...
 Conjure Flame            Conj/Fire      #.......     67%         3    ##.....


Dungeon Overview and Level Annotations

Branches:
Dungeon (1/1)

Altars:
Ashenzari
Cheibriados
Dithmenos
Elyvilon
Fedhas
Gozag
Hepliaklqana
Kikubaaqudgha
Makhleb
Nemelex Xobeh
Okawaru
Qazlal
Ru
Sif Muna
Trog
Uskayaw
Vehumet
Wu Jian
Xom
Yredelemnul
Zin
The Shining One
Beogh
Jiyva
Lugonu

Annotations:
D 1 transporter


Innate Abilities, Weirdness & Mutations

You can breathe waves of freezing cold.
You can buffet flying creatures when you breathe cold.
Your icy white scales are hard. (AC +6)
You cannot fit into any form of body armour.
Your flesh is cold resistant. (rC+)
You are cold-blooded and may be slowed by cold attacks.


Message History

BOUMMMMG!
You block the air elemental's attack.
GONNNNG!
The air elemental hits you but does no damage.
You block the air elemental's attack.
BONNNG!
The wind drake hisses angrily.
Unknown command.
You feel much better.
You are engulfed in raging winds.
You block the air elemental's attack.
BONNNG!
The air elemental hits you!
* * * LOW HITPOINT WARNING * * *
You block the air elemental's attack.
GONNNNG!
You block the air elemental's attack.
PTOANNNG!
You block the air elemental's attack.
PANG!
The air elemental hits you!
You die...

▓.▓....▓.▓.▓....▓.▓
▓...©....▓..†©....▓
▓▓▓▓▓▓▓▓▓▓▓▓▓▓▓▓▓▓▓
▓..8©8..▓ ▓..§§§..▓
▓.§§§[§§▓ ▓§§§§§§§▓
▓§§vk§.§▓ ▓§§§E@§§▓
▓§§§EE§§▓ ▓§▓§§§▓§▓
▓§§§§§§§▓ ▓▓▓▓▓▓▓▓▓


You could see a wind drake (repels missiles), 3 air elementals and an
insubstantial wisp.

Vanquished Creatures
  2 floating eyes (D)
  A wolf (D)
  An orc priest (D)
  3 jellies (D)
  An orc wizard (D)
  A river rat (D)
  A shadow imp (D)
  2 white imps (D)
  2 orcs (D)
14 creatures vanquished.

Vanquished Creatures (collateral kills)
  2 wolves (D)
  A jelly (D)
  An iguana (D)
4 creatures vanquished.

Vanquished Creatures (others)
  2 spatial maelstroms (D)
  An insubstantial wisp (D)
3 creatures vanquished.

Grand Total: 21 creatures vanquished

Notes
Turn   | Place    | Note
-------+----------+-------------------------------------------
     0 | D        | MordorOrchid the Draconian Ice Elementalist began the quest
                  | for the Orb.
     0 | D        | Reached XP level 1. HP: 14/14 MP: 3/3
     0 | D        | Found a shimmering blue altar of Sif Muna.
     0 | D        | Found a sacrificial altar of Ru.
     0 | D        | Found a bloodstained altar of Trog.
     0 | D        | Found a stormy altar of Qazlal.
     0 | D        | Found an iron altar of Okawaru.
     0 | D        | Found a sparkling altar of Nemelex Xobeh.
     0 | D        | Found a blossoming altar of Fedhas.
     1 | D        | Found the +6 Majin-Bo {vamp, Archmagi MP+6 Int+6}
     1 | D        | Found the +7 great mace "Firestarter" {inner flame, rF++}
     1 | D        | Banished a spatial maelstrom
     6 | D        | Found a corrupted altar of Lugonu.
     6 | D        | Found an ancient bone altar of Kikubaaqudgha.
     6 | D        | Found a burning altar of Makhleb.
     6 | D        | Found a transporter.
     6 | D        | Found a viscous altar of Jiyva.
     6 | D        | Found a hazy altar of Hepliaklqana.
    20 | D        | Found the +9 heavy crossbow "Sniper" {vorpal, Acc+∞ SInv}
    20 | D        | Found the +10 dark maul {vorpal}
    20 | D        | Found the +15 Maxwell's patent armour {-Cast -Tele rElec
                  | MR+ rCorr}
    20 | D        | Found the +18 shield of the Gong {rElec rN+ MR+ EV-5}
    20 | D        | Found the cursed +14 obsidian axe {vorpal, +Fly SInv
                  | *Curse}
    24 | D        | Banished a spatial maelstrom
    28 | D        | Found the +6 shillelagh "Devastator" {shatter}
    28 | D        | Found the +11 plutonium sword {*Contam Stlth-}
    28 | D        | Found the +8 lance "Wyrmbane" {slay drac, rPois rF+ rC+
                  | AC+3}
    28 | D        | Found the +9 sword of Zonguldrok {reap}
    28 | D        | Found the cursed +13 scythe of Curses {drain, *Curse}
    28 | D        | Found the +0 sword of Power
    28 | D        | Found the +7 mace of Variability {chain chaos}
    28 | D        | Found the +7 Singing Sword {vorpal, sonic wave}
    28 | D        | Found the +8 storm bow {elec, penet}
    31 | D        | Found an opulent altar of Gozag.
    57 | D        | Became a worshipper of Sif Muna the Loreminder
    67 | D        | Reached skill level 5 in Fighting
    67 | D        | Reached skill level 5 in Shields
    67 | D        | Reached XP level 2. HP: 29/29 MP: 5/5
    72 | D        | Entered arena 2.
    72 | D        | Noticed a floating eye
    72 | D        | Found a transporter.
    75 | D        | Reached skill level 1 in Evocations
    75 | D        | Reached XP level 3. HP: 36/36 MP: 6/6
    75 | D        | Killed a floating eye
    75 | D        | Reached skill level 6 in Ice Magic
    75 | D        | Reached XP level 4. HP: 42/42 MP: 6/8
    80 | D        | Entered arena 3.
    80 | D        | Found a transporter.
    84 | D        | Reached * piety under Sif Muna
    84 | D        | Reached XP level 5. HP: 48/48 MP: 6/9
    85 | D        | Reached skill level 7 in Ice Magic
    92 | D        | Entered arena 4.
    92 | D        | Found a transporter.
    93 | D        | Identified the +5 rapier of Red Watchfulness {vorpal, MR+++
                  | Int+2}
    96 | D        | Reached ** piety under Sif Muna
   102 | D        | Entered arena 5.
   102 | D        | Noticed a floating eye
   102 | D        | Found a transporter.
   106 | D        | Killed a floating eye
   106 | D        | Reached *** piety under Sif Muna
   106 | D        | Reached skill level 8 in Ice Magic
   106 | D        | Reached XP level 6. HP: 54/56 MP: 8/12
   107 | D        | Reached skill level 5 in Dodging
   114 | D        | Entered arena 6.
   114 | D        | Found a transporter.
   117 | D        | Reached **** piety under Sif Muna
   117 | D        | Reached skill level 5 in Evocations
   119 | D        | Reached skill level 5 in Spellcasting
   122 | D        | Your scales start taking on an icy white colour.
   122 | D        | Reached skill level 9 in Ice Magic
   122 | D        | Reached XP level 7. HP: 59/61 MP: 10/15
   122 | D        | Gained mutation: Your flesh is cold resistant. (rC+) [White
                  | Draconian growth]
   148 | D        | Learned a level 4 spell: Hailstorm
   152 | D        | Learned a level 3 spell: Frozen Ramparts
   156 | D        | Learned a level 3 spell: Ozocubu's Armour
   160 | D        | Learned a level 3 spell: Mephitic Cloud
   169 | D        | Entered arena 7.
   169 | D        | Noticed a wind drake
   169 | D        | Noticed an air elemental
   169 | D        | Noticed an air elemental
   169 | D        | Noticed an air elemental
   170 | D        | Found a transporter.
   173 | D        | HP: 3/61 [air elemental/tornado (7)]
   174 | D        | Slain by an air elemental

Illustrated notes

Levels and vault maps discovered:
D:        sprint_v [room_start, room_1, room_2, room_3, room_4, room_5, room_6,
          room_7, room_8, room_9, room_10, room_11, room_12, room_13, room_14,
          room_15, room_16, room_17, room_18, room_19, room_20, room_21,
          room_22, room_23, room_24, room_25, room_26, room_27]

Skill      XL: |  1  2  3  4  5  6 |
---------------+-------------------+-----
Fighting       | 5 |  5.5
Shields        | 5 7 8 |  8.2
Dodging        | 2 3 4 6 |  6.1
Evocations     | 1 2 4 5 |  5.7
Spellcasting   | 3 4 5 |  5.4
Ice Magic      | 6 8 9 |  9.5
Stealth        | |  1.7

Action                   |  1- 3 |  4- 6 |  7- 9 || total
-------------------------+-------+-------+-------++-------
Melee: Broad axe         |     1 |    14 |     2 ||    17
       Tailslap          |       |     1 |       ||     1
Evoke: Wand              |       |       |     1 ||     1
  Use: Potion            |     5 |       |     5 ||    10
 Stab: Sleeping          |     2 |     4 |       ||     6
       Invisible         |       |     2 |       ||     2
Armor: Skin              |       |       |     1 ||     1
Dodge: Dodged            |       |     3 |     1 ||     4
Block: Kite shield       |       |     9 |    12 ||    21
